 Dungeon Crawl Stone Soup version 0.27-a0-972-gd1521fd518 (webtiles) character file.

Game seed: 3408508917873693664

60 robertstho the Magician (level 4, 0/31 HPs)
             Began as a Djinni Fire Elementalist on Apr 13, 2021.
             Hit by a goblin thrown by Robin (2 damage)
             ... on level 3 of the Dungeon.
             The game lasted 00:03:01 (2064 turns).

robertstho the Magician (Djinni Fire Elementalist)  Turns: 2064, Time: 00:03:02

Health: 0/31       AC:  2    Str:  7    XL:     4   Next: 4%
Gold:   80         EV: 12    Int: 17    God:
                   SH:  0    Dex: 14

rFire    + + +     SeeInvis .   g - +0 short sword
rCold    . . .     Faith    .   (no shield)
rNeg     . . .     Spirit   .   a - +0 robe
rPois    ∞         Reflect  .   (no helmet)
rElec    .         Harm     .   j - scarf {rC+ rF+}
rCorr    .         Rampage  .   (no gloves)
Will     .....                  (boots unavailable)
Stlth    ++........             (no amulet)
HPRegen  0.10/turn              (no ring)
MPRegen  0.00/turn              (no ring)

@: mighty, flying
A: fire resistance 2, cold vulnerability 1, float, innate caster, hp casting,
extra vitality 1
a: no special abilities


You were on level 3 of the Dungeon.
You visited 1 branch of the dungeon, and saw 3 of its levels.

You collected 80 gold pieces.

Inventory:

Hand Weapons
 g - a +0 short sword (weapon)
Armour
 a - a +0 robe (worn)
 j - a scarf of resistance (worn)
Scrolls
 b - a scroll of brand weapon {unknown}
 c - a scroll of teleportation {unknown}
 e - a scroll of magic mapping {unknown}
 h - a scroll of enchant weapon {unknown}
 i - a scroll of enchant armour {unknown}
 k - a scroll of identify {unknown}


   Skills:
 + Level 2.3 Dodging
 + Level 2.2 Stealth
 + Level 3.7 Spellcasting


You couldn't memorise any spells.
You knew the following spells:

 Your Spells              Type           Power      Damage    Failure   Level
a - Foxfire               Conj/Fire      64%        2x1d7     3%          1
b - Conjure Flame         Conj/Fire      16%        6-21      11%         3
c - Inner Flame           Hex/Fire       16%        N/A       11%         3
d - Sticky Flame          Conj/Fire      16%        2d4       34%         4
e - Fireball              Conj/Fire      8%         3d6       67%         5
f - Beastly Appendage     Tmut           32%        N/A       3%          1
Your spell library was empty.

Dungeon Overview and Level Annotations

Branches:
Dungeon (3/15)

Altars:

Annotations:
D:3 Robin


Innate Abilities, Weirdness & Mutations

You are immune to poison.
Your flesh is very heat resistant. (rF++)
You are vulnerable to cold. (rC-)
You float through the air rather than walking.
You learn spells naturally, not from books.
Your magical power is your life essence.
You have superior vitality. (+4 HP)


Message History

Robin flexes a bicep menacingly.
Unknown command.
Casting: Foxfire (safe; 3% risk of failure)
Confirm with . or Enter, or press ? or * to list all spells.
You conjure some foxfire!
The foxfire hits Robin but does no damage.
The foxfire hits Robin.
Robin is moderately wounded.
Unknown command.
Casting: Foxfire (safe; 3% risk of failure)
Confirm with . or Enter, or press ? or * to list all spells.
You conjure some foxfire!
Robin barely misses you.
The foxfire hits Robin.
Robin is moderately wounded.
The foxfire hits Robin.
Robin is heavily wounded.
Robin hits you with a +0 whip.
Unknown command.
Casting: Foxfire (safe; 3% risk of failure)
Confirm with . or Enter, or press ? or * to list all spells.
You conjure some foxfire!
The goblin unwields a +0 hunting sling.
The goblin wields a +0 club.
The goblin closely misses you. Robin hits you with a +0 whip.
* * * LOW HITPOINT WARNING * * *
The foxfire hits Robin.
Robin is severely wounded.
The foxfire hits Robin.
Robin is severely wounded.
The goblin closely misses you. Robin hits you with a +0 whip.
* * * LOW HITPOINT WARNING * * *
Unknown command.
The goblin no longer looks unusually strong.
The goblin unwields a +0 club.
The goblin wields a +0 hunting sling.
The goblin shoots a stone.
The stone completely misses you. Robin throws the goblin at you!
* * * LOW HITPOINT WARNING * * *
A rat comes into view.
The goblin shoots a stone.
The stone hits you but does no damage. Robin throws the goblin at you!
You die...

..# #...# #.# #...# #.#
#####...### .
#.#####..........
.######.o..)...........
........g.o##..........
##..##.##.######...###
#.##..##.##.# ###...###
#......@g##.# #.......#
####r.#####.# #g#....)#
#. ...####.##g..)# ..
##..........<. ##
#.###.###...#
.###.......#
.>...........)
##.##.#.#.#.##
..>#.....#


You could see Robin, an orc, a goblin and a rat (asleep).

Vanquished Creatures
  An adder (D:2)
  An adder skeleton (D:2)
  2 dart slugs
  A bat (D:1)
  An endoplasm (D:2)
  3 giant cockroaches
  9 goblins
  6 hobgoblins
  2 kobolds
  5 ball pythons
  2 frilled lizards (D:1)
  7 rats
40 creatures vanquished.

Vanquished Creatures (others)
  104 foxfires
104 creatures vanquished.

Grand Total: 144 creatures vanquished

Notes
Turn   | Place    | Note
-------+----------+-------------------------------------------
     0 | D:1      | robertstho the Djinni Fire Elementalist began the quest for
                  | the Orb.
     0 | D:1      | Reached XP level 1. HP: 15/15 MP: 0/0
   282 | D:1      | Reached skill level 3 in Spellcasting
   282 | D:1      | Reached XP level 2. HP: 19/21 MP: 0/0
  1021 | D:2      | Reached XP level 3. HP: 17/25 MP: 0/0
  1021 | D:2      | Learned a level 1 spell: Beastly Appendage
  1354 | D:2      | Found a faded altar of an unknown god.
  2027 | D:3      | Noticed Robin
  2031 | D:3      | Reached XP level 4. HP: 9/31 MP: 0/0
  2064 | D:3      | Hit by a goblin thrown by Robin

Illustrated notes

Levels and vault maps discovered:
D:1:      evilmike_arrival_plus, layout_loops_ring, serial_glass,
          glass_columns_b, glass_columns_b, minivault_4, chequers_jeans
D:2:      layout_loops_ring, chequers_ecumenical_altar_simple
D:3:      layout_loops_cross, lemuel_round_altar, grunt_decor_resistance,
          uniq_ijyb, uniq_robin

Skill      XL: |  1  2  3 |
---------------+----------+-----
Spellcasting   | 3 |  3.7
Stealth        | 2 |  2.2
Dodging        | |  2.3

Action                   |  1- 3 |  4- 6 || total
-------------------------+-------+-------++-------
Melee: Unarmed           |     4 |       ||     4
       Short sword       |     2 |       ||     2
 Cast: Foxfire           |    63 |     4 ||    67
  Use: Potion            |       |     2 ||     2
Armor: Robe              |     8 |     1 ||     9
Dodge: Dodged            |    26 |     9 ||    35

Table legend: (Time is in decaauts)
 A = Elapsed time spent in this place.
 B = Non-inter-level travel time spent in this place.
 C = Inter-level travel time spent in this place.
 D = Time resting spent in this place.
 E = Time spent auto-exploring this place.
 F = Levels seen in this place.
 G = Mean time per level.
                   A        B        C        D        E       F      G
               +--------+--------+--------+--------+--------+-----+--------+
         Total |   2063 |   2024 |     39 |     10 |   1739 |   3 |  687.7 |
       Dungeon |   2063 |   2024 |     39 |     10 |   1739 |   3 |  687.7 |
               +--------+--------+--------+--------+--------+-----+--------+

Top non-repeatable levels by time:
     D:1: 1003 daAuts
     D:2: 993 daAuts
     D:3: 66 daAuts
